 Dungeon Crawl Stone Soup version 0.27-a0-1048-g7ee7857c10 (webtiles) character file.

Game seed: 5523092342705044256

1157 Lemonice the Slasher (level 8, -15/65 HPs)
             Began as a Palentonga Fighter on Apr 20, 2021.
             Demolished by an ogre
             ... wielding a +0 giant spiked club
              (29 damage)
             ... on level 5 of the Dungeon.
             The game lasted 00:07:27 (4388 turns).

Lemonice the Slasher (Palentonga Fighter)           Turns: 4388, Time: 00:07:28

Health: -15/65     AC: 15    Str: 20    XL:     8   Next: 16%
Magic:  8/8        EV:  6    Int: 10    God:
Gold:   139        SH:  9    Dex: 10    Spells: 7/7 levels left

rFire    . . .     SeeInvis +   a - +0 long sword
rCold    . . .     Faith    .   c - +0 kite shield
rNeg     . . .     Spirit   .   b - +0 scale mail
rPois    .         Reflect  .   f - +0 helmet
rElec    .         Harm     .   (no cloak)
rCorr    .         Rampage  .   (no gloves)
Will     .....                  (no barding)
Stlth    ..........             (no amulet)
HPRegen  0.20/turn              (no ring)
MPRegen  0.11/turn              (no ring)

@: studying Polearms, curled up
A: large, rugged brown scales 3, see invisible, deformed body, roll 1, armoured
tail, reflexive curl
a: Rolling Charge


You were on level 5 of the Dungeon.
You visited 1 branch of the dungeon, and saw 6 of its levels.

You collected 139 gold pieces.

Inventory:

Hand Weapons
 a - a +0 long sword (weapon)
Missiles
 h - a throwing net
Armour
 b - a +0 scale mail (worn)
 c - a +0 kite shield (worn)
 f - a +0 helmet (worn)
Jewellery
 n - a ring of wizardry
Wands
 d - a wand of flame (18)
Scrolls
 e - a scroll of immolation {unknown}
 g - 8 scrolls of identify {unknown}
 i - 3 scrolls of teleportation {unknown}
 l - 2 scrolls of enchant weapon {unknown}
 q - a scroll of amnesia {unknown}
 r - a scroll of enchant armour {unknown}
 s - a scroll of vulnerability {unknown}
 t - a scroll of noise {unknown}
Potions
 j - a potion of haste {unknown}
 k - a potion of ambrosia {unknown}
 m - 2 potions of invisibility {unknown}
 o - a potion of heal wounds {unknown}
 p - 2 potions of lignification {unknown}


   Skills:
 + Level 4.7 Fighting
 + Level 6.5 Long Blades
 + Level 4.4 Armour
 + Level 1.3 Dodging
 + Level 0.4 Stealth
 + Level 4.0 Shields


You had 7 spell levels left.
You didn't know any spells.
Your spell library contained the following spells:

 Spells                   Type           Power      Damage    Failure   Level
 Magic Dart               Conj           0%         1d3       97%         1
 Searing Ray              Conj           0%         3d3       99%         2
 Dazzling Flash           Conj/Hex       0%         N/A       100%        3
 Fulminant Prism          Conj/Hex       0%         3d6       100%        4
 Iskenderun's Mystic Bla  Conj/Tloc      0%         2d3       100%        4


Dungeon Overview and Level Annotations

Branches:
Dungeon (6/15)
 Temple: D:4-7

Altars:
Dithmenos

Shops:
D:2 [


Innate Abilities, Weirdness & Mutations

You are completely covered in rugged brown scales. (AC +3, +7% HP)
You have supernaturally acute eyesight. (SInv)
Armour fits poorly on your strangely shaped body.
You can roll at nearby foes to attack.
You have a long armoured tail.
You curl defensively after being hit.


Message History

You slash Blork the orc! You tail-slap Blork the orc!
Blork the orc is heavily wounded.
You block Blork the orc's attack.
You slash Blork the orc!
Blork the orc is almost dead.
Blork the orc barely misses you.
You closely miss Blork the orc.
Your tail-slap misses Blork the orc.
Blork the orc is almost dead.
Blork the orc closely misses you.
You slash Blork the orc!
You kill Blork the orc!
You block the jackal's attack.
Your Shields skill increases to level 4!
You barely miss the jackal. You block the jackal's attack. x2
You barely miss the jackal.
The jackal bites you but does no damage.
You barely miss the jackal. You block the jackal's attack.
The jackal completely misses you.
You closely miss the jackal. You tail-slap the jackal.
You kill the jackal!
The jackal bites you.
You hit the jackal.
Your tail-slap misses the jackal.
The jackal is heavily wounded.
The jackal bites you but does no damage. x2
You slash the jackal!
You kill the jackal!
You barely miss the ogre. You tail-slap the ogre.
The ogre is lightly wounded.
The ogre hits you with a +0 giant spiked club!
You hit the ogre.
The ogre is heavily wounded.
The ogre hits you with a +0 giant spiked club!!
You barely miss the ogre.
The ogre is heavily wounded.
The ogre hits you with a +0 giant spiked club!
* * * LOW HITPOINT WARNING * * *
You hit the ogre.
The ogre is heavily wounded.
The ogre hits you with a +0 giant spiked club!!
You die...

. ...
.....###################
.....hO@..$.............
.....##################.
... ######.. . #....#.#
#.<....# #....###
#....### #.......
#.......


You could see an ogre and a jackal.

Vanquished Creatures
  Grinder (D:3)
  Duvessa (D:4)
  A necrophage (D:4)
  A centaur (D:5)
  A phantom (D:4)
  Blork the orc (D:5)
  A scorpion (D:5)
  Dowan (D:4)
  2 water moccasin skeletons
  A howler monkey (D:4)
  A hound (D:5)
  A centaur skeleton (D:5)
  An orc wizard (D:5)
  A hound skeleton (D:4)
  3 gnolls (D:5)
  7 adders
  A howler monkey skeleton (D:5)
  An adder skeleton (D:4)
  3 worms (D:2)
  5 dart slugs
  3 orcs
  8 endoplasms
  2 giant cockroaches (D:2)
  8 goblins
  8 hobgoblins
  9 jackals
  2 quokkas
  A ball python (D:1)
  5 bats
  6 frilled lizards
  3 kobolds
  7 rats
97 creatures vanquished.

Notes
Turn   | Place    | Note
-------+----------+-------------------------------------------
     0 | D:1      | Lemonice the Palentonga Fighter began the quest for the
                  | Orb.
     0 | D:1      | Reached XP level 1. HP: 19/19 MP: 1/1
    13 | D:1      | Noticed a minotaur zombie
    17 | D:1      | Noticed a minotaur zombie
   448 | D:1      | Reached XP level 2. HP: 22/25 MP: 2/2
  1289 | D:2      | Reached XP level 3. HP: 31/31 MP: 3/3
  1397 | D:2      | Found a faded altar of an unknown god.
  1797 | D:2      | Reached XP level 4. HP: 37/37 MP: 4/4
  2044 | D:2      | Found Roasiulire's Antique Armour Emporium.
  2296 | D:3      | Found a shadowy altar of Dithmenos.
  2298 | D:3      | Reached skill level 3 in Long Blades
  2838 | D:4      | Reached XP level 5. HP: 33/43 MP: 5/5
  2877 | D:3      | Noticed Grinder
  2881 | D:3      | Killed Grinder
  2882 | D:3      | Reached skill level 4 in Long Blades
  2882 | D:3      | Reached XP level 6. HP: 36/51 MP: 6/6
  3109 | D:4      | Noticed Duvessa
  3120 | D:4      | Killed Duvessa
  3121 | D:4      | Reached skill level 5 in Long Blades
  3121 | D:4      | Gained mutation: You curl defensively after being hit.
                  | [Palentonga growth]
  3121 | D:4      | Reached XP level 7. HP: 24/56 MP: 7/7
  3271 | D:4      | Noticed Dowan
  3283 | D:4      | Killed Dowan
  3640 | D:4      | Reached skill level 1 in Dodging
  3867 | D:4      | You fall into a shaft and drop 2 floors!
  3881 | D:5      | Entered Level 5 of the Dungeon
  3902 | D:5      | Reached skill level 6 in Long Blades
  3992 | D:5      | Reached XP level 8. HP: 22/65 MP: 8/8
  4368 | D:5      | Noticed Blork the orc
  4378 | D:5      | Killed Blork the orc
  4388 | D:5      | Demolished by an ogre

Illustrated notes

Levels and vault maps discovered:
D:1:      shiori_arrival_whats_in_store_for_you, layout_basic,
          chequers_serial_rivers_room_a, feat_on_display
D:2:      layout_basic, serial_shops, nicolae_shop_crystal,
          hellmonk_ecumenical_altar_heavens_door
D:3:      layout_loops_ring, nicolae_dithmenos_shadow_blocks, uniq_grinder
D:4:      layout_loops_ring, minmay_manual_mess, uniq_duvessa
D:5:      layout_rooms, uniq_blork_the_orc
D:6:      layout_rooms, regret_index_temple_of_mockery,
          ebering_ghost_reflecting_pool, moated_statue

Skill      XL: |  1  2  3  4  5  6  7  8 |
---------------+-------------------------+-----
Shields        | 3 4 |  4.0
Long Blades    | 3 4 5 6 |  6.5
Armour         | 3 4 |  4.4
Fighting       | 4 |  4.7
Dodging        | 1 |  1.3
Stealth        | |  0.4

Action                   |  1- 3 |  4- 6 |  7- 9 || total
-------------------------+-------+-------+-------++-------
Melee: Long sword        |   124 |    93 |   120 ||   337
       Tailslap          |    13 |     9 |    20 ||    42
 Abil: Rolling Charge    |    18 |    17 |    15 ||    50
  Use: Potion            |       |     1 |       ||     1
Armor: Scale mail        |    73 |    38 |    49 ||   160
Dodge: Dodged            |    24 |    22 |    25 ||    71
Block: Kite shield       |    63 |    48 |    52 ||   163
       Rpst.: Long sword |     7 |     7 |     6 ||    20

Table legend: (Time is in decaauts)
 A = Elapsed time spent in this place.
 B = Non-inter-level travel time spent in this place.
 C = Inter-level travel time spent in this place.
 D = Time resting spent in this place.
 E = Time spent auto-exploring this place.
 F = Levels seen in this place.
 G = Mean time per level.
                   A        B        C        D        E       F      G
               +--------+--------+--------+--------+--------+-----+--------+
         Total |   4521 |   4455 |     66 |    790 |   2891 |   6 |  753.5 |
       Dungeon |   4521 |   4455 |     66 |    790 |   2891 |   6 |  753.5 |
               +--------+--------+--------+--------+--------+-----+--------+

Top non-repeatable levels by time:
     D:2: 1178 daAuts
     D:1: 1035 daAuts
     D:4: 956 daAuts
     D:3: 810 daAuts
     D:5: 526 daAuts
     D:6: 13 daAuts
